[Event "*** Titled Tuesday Blitz"]
[Site "Chess.com"]
[Date "2021.04.06"]
[Round "4"]
[White "Korchmar_Vasiliy"]
[Black "Lion-Al-Messi"]
[Result "1-0"]
[WhiteElo "2669"]
[BlackElo "2499"]
[TimeControl "180+1"]
[EndTime "10:37:50 PDT"]
[Termination "Korchmar_Vasiliy won by resignation"]

1. d4 d5 2. Nf3 Nf6 3. Bf4 c5 4. e3 Nc6 5. Nbd2 Qb6 6. dxc5 Qxc5 7. a3 g6 8. b4 Qc3 9. Bb5 Bg7 10. Be5 Ne4 11. Bxc3 Bxc3 12. O-O Bg4 13. Nxe4 dxe4 14. Qd5 exf3 15. Bxc6+ Kf8 16. Bxb7 Rb8 17. gxf3 Be6 18. Qc6 Bxa1 19. Rxa1 Kg7 20. c4 Rhd8 21. c5 Rd2 22.
Kg2 Rbd8 23. Qc7 R8d3 24. Qe5+ Kg8 25. c6 Rc2 26. c7 Rdc3 27. Rd1 1-0

[Event "*** Titled Tuesday Blitz"]
[Site "Chess.com"]
[Date "2021.04.06"]
[Round "4"]
[White "shnitez"]
[Black "pastouche06"]
[Result "1-0"]
[WhiteElo "2491"]
[BlackElo "2596"]
[TimeControl "180+1"]
[EndTime "10:37:51 PDT"]
[Termination "shnitez won by resignation"]

1. c4 e6 2. Nf3 d5 3. e3 Nf6 4. Nc3 a6 5. b3 Be7 6. Bb2 O-O 7. g3 dxc4 8. bxc4 c5 9. Bg2 Nc6 10. O-O Qc7 11. Qe2 b6 12. Ne1 Bb7 13. f4 Rfd8 14. g4 Rab8 15. g5 Ne8 16. d3 Na5 17. a4 Nd6 18. Rd1 Nf5 19. Be4 Bxe4 20. Nxe4 Qc6 21.
Nc3 Qc7 22. Rf3 Bf8 23. Rh3 Nc6 24. Qh5 1-0

[Event "*** Titled Tuesday Blitz"]
[Site "Chess.com"]
[Date "2021.04.06"]
[Round "4"]
[White "Hikaru"]
[Black "superchess02"]
[Result "1-0"]
[WhiteElo "3226"]
[BlackElo "2813"]
[TimeControl "180+1"]
[EndTime "10:37:54 PDT"]
[Termination "Hikaru won by resignation"]

1. e4 c5 2. Nf3 d6 3. c3 Nf6 4.
h3 Nbd7 5. Bd3 g6 6. Bc2 Bg7 7.
d4 e5 8. O-O O-O 9. dxe5 dxe5 10. c4 b6 11. Nc3 Bb7 12. Qe2 Qe7 13. Rd1 h6 14. Rb1 Rfd8 15. b3 Nf8 16. Nd5 Bxd5 17. cxd5 Ne8 18. Bd3 Nd6 19. Bb2 Nd7 20. a4 f5 21. Re1 Re8 22. g3 Qf7 23. Bc2 fxe4 24. Nd2 Nf6 25. Nxe4 Nf5 26. Nxf6+ Bxf6 27. Be4 Nd4 28. Qd3 Kg7 29. b4 Rac8 30. bxc5 Rxc5 31. f4 Rxd5 32. Bxd5 Qxd5 33. Bxd4 Rd8 34. fxe5 Be7 35.
Re4 Bc5 36. Rd1 1-0

[Event "*** Titled Tuesday Blitz"]
[Site "Chess.com"]
[Date "2021.04.06"]
[Round "4"]
[White "StockholmMissile"]
[Black "Aleksey_Sorokin"]
[Result "0-1"]
[WhiteElo "2578"]
[BlackElo "2791"]
[TimeControl "180+1"]
[EndTime "10:37:55 PDT"]
[Termination "Aleksey_Sorokin won by checkmate"]

1. d4 Nf6 2. c4 g6 3. Nc3 d5 4. Nf3 Bg7 5. h4 c6 6. Bg5 O-O 7. Bxf6 Bxf6 8. h5 dxc4 9. hxg6 fxg6 10. e4 b5 11. e5 Bg7 12. a4 a6 13. axb5 cxb5 14. Nxb5 axb5 15. Rxa8 Bb7 16. Ra1 Bxf3 17. gxf3 Nc6 18. Rh4 Qd5 19. Be2 Rd8 20. Qd2 Nxd4 21.
Rd1 Qxe5 22. Kf1 Bf6 23. Rg4 Rd6 24. Qe3 Qh2 25. Rg2 Qh1+ 26. Rg1 Qh3+ 27. Ke1 Nc2# 0-1

[Event "*** Titled Tuesday Blitz"]
[Site "Chess.com"]
[Date "2021.04.06"]
[Round "4"]
[White "Deepweb2020"]
[Black "esrosenberg"]
[Result "1-0"]
[WhiteElo "2524"]
[BlackElo "2208"]
[TimeControl "180+1"]
[EndTime "10:37:58 PDT"]
[Termination "Deepweb2020 won on time"]

1. e4 e5 2. Nc3 Nf6 3. f4 d5 4.
fxe5 Nxe4 5. d3 Qh4+ 6. g3 Nxg3 7. Nf3 Qh5 8. Nxd5 Bg4 9. Bg2 Nxh1 10. Nxc7+ Kd8 11.
Nxa8 Bxf3 12. Qxf3 Qxe5+ 13. Kd1 Bb4 14. c3 Re8 15. Bxh1 Qe1+ 16. Kc2 Re2+ 17. Kb3 Qd1+ 18. Kxb4 Na6+ 19. Ka3 Qc2 20. Qxb7 Qxd3 21. Bf4 1-0

[Event "*** Titled Tuesday Blitz"]
[Site "Chess.com"]
[Date "2021.04.06"]
[Round "4"]
[White "WonderChampion"]
[Black "Redbandit87"]
[Result "0-1"]
[WhiteElo "2117"]
[BlackElo "2398"]
[TimeControl "180+1"]
[EndTime "10:37:58 PDT"]
[Termination "Redbandit87 won by resignation"]

1. d4 d5 2. Bg5 c5 3. e3 Qb6 4. b3 e6 5. Nc3 Nc6 6. Bf4 cxd4 7. exd4 Bb4 8. Qd2 Qxd4 9. Nge2 Qxd2+ 10. Bxd2 Nf6 11.
Ng3 a6 12. Bd3 O-O 13. O-O e5 14. a3 Bxc3 15. Bxc3 d4 16. Bd2 Be6 17. Nf5 Bxf5 18.
Bxf5 g6 19. Bd3 e4 20. Bc4 Ne5 21. Be2 d3 22. cxd3 exd3 23. Bf3 Nxf3+ 24. gxf3 Rac8 25. Rac1 Nd5 26. b4 b5 27. Rfe1 Nb6 28. Rc5 Rxc5 29. bxc5 Nc4 30. Be3 d2 31. Rd1 Rd8 32. c6 Rc8 33.
Bxd2 Rxc6 34. Be3 Nxe3 35. fxe3 Rc3 36. e4 Rxf3 37. Rd8+ Kg7 38. a4 bxa4 39. Rd6 Rf6 0-1

[Event "*** Titled Tuesday Blitz"]
[Site "Chess.com"]
[Date "2021.04.06"]
[Round "4"]
[White "Agibileg"]
[Black "AlexTriapishko"]
[Result "0-1"]
[WhiteElo "2554"]
[BlackElo "2820"]
[TimeControl "180+1"]
[EndTime "10:38:01 PDT"]
[Termination "AlexTriapishko won by resignation"]

1. d4 Nf6 2. c4 g6 3. Nc3 Bg7 4. e4 O-O 5. Be2 c6 6. Nf3 d5 7. cxd5 cxd5 8. e5 Ne4 9. O-O Nc6 10. Be3 Bf5 11. Rc1 Rc8 12. Qb3 Na5 13. Qa4 Nxc3 14.
Rxc3 Rxc3 15. bxc3 Qc7 16. Rc1 Rc8 17. c4 Nxc4 18.
Qxa7 b5 19. Qxc7 Rxc7 20. Bxc4 bxc4 21. Bd2 Ra7 22. Ra1 Ra4 23. Kf1 Bd3+ 24. Ke1 e6 25.
Bc3 Bf8 26. Kd2 Ra3 27. Ne1 Bh6+ 0-1

[Event "*** Titled Tuesday Blitz"]
[Site "Chess.com"]
[Date "2021.04.06"]
[Round "4"]
[White "Zq1"]
[Black "gahryman"]
[Result "1-0"]
[WhiteElo "2543"]
[BlackElo "2742"]
[TimeControl "180+1"]
[EndTime "10:38:02 PDT"]
[Termination "Zq1 won by resignation"]

1. d4 Nf6 2. c4 g6 3. Nc3 Bg7 4. e4 d6 5. Nf3 O-O 6. Be2 e5 7.
O-O exd4 8. Nxd4 Re8 9. f3 c6 10. Kh1 Nbd7 11. Bg5 Qb6 12. Nb3 a5 13. Qd2 a4 14. Be3 Qc7 15. Nd4 Ne5 16. Rac1 Nfd7 17. f4 a3 18. b3 Nf6 19. fxe5 dxe5 20. Nc2 Rd8 21. Qe1 Ng4 22. Bg1 f5 23. exf5 gxf5 24. Bxg4 fxg4 25. Ne4 Qe7 26. Ne3 Be6 27. Nf5 Bxf5 28.
Rxf5 Rd3 29. Qe2 Rad8 30. Qxg4 Kh8 31. h3 Qd7 32. Rcf1 Rd1 33. Rxd1 Qxd1 34. Qxd1 Rxd1 35. Kh2 Re1 36. Nc5 e4 37. Ne6 Bh6 38. Rf6 1-0

[Event "*** Titled Tuesday Blitz"]
[Site "Chess.com"]
[Date "2021.04.06"]
[Round "4"]
[White "MalyDominator"]
[Black "Meri-Arabidze"]
[Result "0-1"]
[WhiteElo "2487"]
[BlackElo "2647"]
[TimeControl "180+1"]
[EndTime "10:38:02 PDT"]
[Termination "Meri-Arabidze won by resignation"]

1. e4 c5 2. Nf3 e6 3. d4 cxd4 4. Nxd4 Nc6 5. Nc3 a6 6. Nxc6 bxc6 7. Bd3 d5 8. O-O Nf6 9. Qf3 Be7 10. Qg3 O-O 11. Bh6 Ne8 12. Bd2 Bh4 13. Qf3 Bg5 14. Rad1 Bxd2 15. Rxd2 Rb8 16. b3 Nf6 17. Rfd1 Qc7 18.
Ne2 Bb7 19. c4 c5 20. exd5 exd5 21. cxd5 Bxd5 22. Qf5 Be6 23. Qg5 h6 24. Qf4 Qc8 25. Ng3 Rb4 26. Qd6 a5 27. Rc1 Rd4 28. Qxc5 Qxc5 29. Rxc5 Rfd8 30. Rc3 g6 31. Ne2 R4d6 32. Ng3 Nd5 33. Rc4 Nb4 34. Ne4 Rxd3 0-1

[Event "*** Titled Tuesday Blitz"]
[Site "Chess.com"]
[Date "2021.04.06"]
[Round "4"]
[White "MoreChessJulia"]
[Black "Aslanov_Umid"]
[Result "0-1"]
[WhiteElo "2120"]
[BlackElo "2398"]
[TimeControl "180+1"]
[EndTime "10:38:08 PDT"]
[Termination "Aslanov_Umid won by resignation"]

1. d4 d5 2. Bg5 Nf6 3. Nd2 e6 4.
e3 Be7 5. f4 O-O 6. Bd3 c5 7.
c3 Nc6 8. Bxf6 Bxf6 9. Qh5 g6 10.
Qf3 cxd4 11. exd4 Bg7 12. h4 f6 13. h5 e5 14. hxg6 h6 15. Qh5 e4 16. Bc2 Ne7 17. Nf1 Bf5 18. Ne3 Bxg6 19. Qh3 Rc8 20. g4 f5 21. g5 h5 22. Ne2 Qb6 23. O-O-O Qa6 24. Qg2 Qxa2 25. Ng3 Qa1+ 26. Bb1 Nc6 27. Nxh5 Nb4 28. Qe2 Na2+ 29. Kd2 Qxb2+ 30. Ke1 Qxe2+ 31. Kxe2 Nxc3+ 32. Kf2 Nxd1+ 33. Rxd1 Bxh5 0-1

[Event "*** Titled Tuesday Blitz"]
[Site "Chess.com"]
[Date "2021.04.06"]
[Round "4"]
[White "Jospem"]
[Black "jacky72"]
[Result "1-0"]
[WhiteElo "2917"]
[BlackElo "2727"]
[TimeControl "180+1"]
[EndTime "10:38:10 PDT"]
[Termination "Jospem won by resignation"]

1. e4 e5 2. Nf3 Nc6 3. Bb5 a6 4. Ba4 d6 5. c3 Bd7 6. d4 g6 7.
Be3 Bg7 8. Nbd2 Nf6 9. h3 O-O 10. O-O Re8 11. Bc2 exd4 12. Nxd4 Qe7 13. Re1 h6 14. f4 Nh5 15. Nf5 Qf6 16. Nxg7 Kxg7 17.
Qf3 Re7 18. g4 Nxf4 19. Qxf4 Qh4 20. Kg2 Ne5 21. Qg3 Qxg3+ 22. Kxg3 Rh8 23. Rf1 h5 24. Bg5 Re6 25. Bb3 hxg4 26. hxg4 Nxg4 27. Bxe6 Bxe6 28. Rh1 Re8 29. Nf3 f6 30. Bd2 g5 31. Nd4 Bd7 32. Rae1 Ne5 33. Nf5+ Kg8 34. Rh6 Nd3 35.
Reh1 Rxe4 36. Rh8+ Kf7 37. R1h7+ Ke6 38. Nd4+ Kd5 39.
Rxd7 Re2 40. Nxe2 1-0

[Event "*** Titled Tuesday Blitz"]
[Site "Chess.com"]
[Date "2021.04.06"]
[Round "4"]
[White "gumimis"]
[Black "Cryptochess"]
[Result "0-1"]
[WhiteElo "2323"]
[BlackElo "2551"]
[TimeControl "180+1"]
[EndTime "10:38:11 PDT"]
[Termination "Cryptochess won on time"]

1. b3 e5 2. Bb2 e4 3. Nc3 d5 4. d3 exd3 5. Qxd3 Nf6 6. O-O-O c6 7. e4 Be6 8. exd5 cxd5 9. Qb5+ Qd7 10. Nf3 Nc6 11.
Na4 Ne4 12. c4 Nxf2 13. Be2 Nxh1 14. cxd5 Nf2 15. dxe6 Qxe6 16. Nd4 Qe3+ 17. Rd2 Bb4 18.
Nc3 Bxc3 19. Bxc3 Qxc3+ 20. Rc2 Qe3+ 0-1

[Event "*** Titled Tuesday Blitz"]
[Site "Chess.com"]
[Date "2021.04.06"]
[Round "4"]
[White "Mamedyarov_twitch"]
[Black "gmcorrales"]
[Result "1-0"]
[WhiteElo "3008"]
[BlackElo "2792"]
[TimeControl "180+1"]
[EndTime "10:38:12 PDT"]
[Termination "Mamedyarov_twitch won by checkmate"]

1. e4 c5 2. c3 d5 3. exd5 Qxd5 4. d4 e6 5. Nf3 Nf6 6. Na3 cxd4 7. Nb5 Qd8 8. Qxd4 Bd7 9. Bf4 Nd5 10. O-O-O Nc6 11.
Qxd5 exd5 12. Nc7+ Ke7 13. Nxd5+ Ke8 14. Nc7+ Ke7 15.
Bc4 Qc8 16. Rhe1+ Kd8 17. Re8# 1-0

[Event "*** Titled Tuesday Blitz"]
[Site "Chess.com"]
[Date "2021.04.06"]
[Round "4"]
[White "tteshan"]
[Black "Artyom_ChessMate"]
[Result "0-1"]
[WhiteElo "2321"]
[BlackElo "2534"]
[TimeControl "180+1"]
[EndTime "10:38:14 PDT"]
[Termination "Artyom_ChessMate won by checkmate"]

1. e4 e5 2. Nf3 Nc6 3. d4 exd4 4. Nxd4 Nf6 5. Nxc6 bxc6 6. e5 Qe7 7. Qe2 Nd5 8. h4 a5 9. c4 Ba6 10. Nd2 g6 11.
Nf3 Qb4+ 12. Nd2 Bg7 13. a3 Qe7 14. Nf3 Nb6 15. Qe4 d5 16. cxd5 cxd5 17. Qf4 Bxf1 18. Kxf1 c5 19. h5 h6 20. hxg6 fxg6 21. Qe3 Nc4 22. Qe2 Nxe5 23. Qb5+ Kf8 24. Nxe5 Bxe5 25. Bxh6+ Bg7 26. Re1 Qc7 27. Bxg7+ Kxg7 28. Rxh8 Rxh8 29. Qe2 Rh1# 0-1

[Event "*** Titled Tuesday Blitz"]
[Site "Chess.com"]
[Date "2021.04.06"]
[Round "4"]
[White "LEGENYA1998"]
[Black "ChainsOfFantasia"]
[Result "1-0"]
[WhiteElo "2228"]
[BlackElo "2414"]
[TimeControl "180+1"]
[EndTime "10:38:14 PDT"]
[Termination "LEGENYA1998 won by resignation"]

1. e4 c6 2. d4 d5 3. e5 c5 4. dxc5 Nc6 5. f4 Bf5 6. Nf3 e6 7. Be3 f6 8. Bb5 Bg4 9. h3 Bxf3 10. Qxf3 Ne7 11. exf6 gxf6 12. Nc3 Qd7 13. O-O-O O-O-O 14. Rhe1 Rg8 15. g4 h5 16. Ne2 hxg4 17. hxg4 Qc7 18. Nd4 Nxd4 19. Bxd4 Qa5 20. Qb3 Rxg4 21. Rxe6 Rxf4 22.
Bc3 Qc7 23. Bxf6 Bh6 24. Kb1 Nc6 25. Bxd8 Nxd8 26. Rxh6 1-0

[Event "*** Titled Tuesday Blitz"]
[Site "Chess.com"]
[Date "2021.04.06"]
[Round "4"]
[White "KubaGepard"]
[Black "Fighter008"]
[Result "0-1"]
[WhiteElo "2383"]
[BlackElo "2596"]
[TimeControl "180+1"]
[EndTime "10:38:15 PDT"]
[Termination "Fighter008 won by resignation"]

1. d4 Nf6 2. Nf3 g6 3. g3 Bg7 4. Bg2 O-O 5. O-O d6 6. b3 a5 7.
Bb2 a4 8. c4 c6 9. Nbd2 a3 10.
Bc3 Nbd7 11. e4 Nh5 12. Qc2 e5 13. dxe5 dxe5 14. Rad1 Qc7 15. Nb1 Re8 16. Bb4 Bf8 17. Bd2 Nc5 18. Bc1 Ne6 19. Rfe1 Bc5 20. Qc3 Qb6 21. Be3 Bxe3 22. Qxe3 Qxe3 23. Rxe3 f6 24. Bh3 Nhg7 25. Ne1 Nd4 26. Bxc8 Rexc8 27. Nf3 Nge6 28. Kg2 Rd8 29. Nxd4 Nxd4 30. Red3 Kf7 31. R1d2 Ke7 32. Nc3 Rd7 33. f4 Rad8 34. Nb1 Nxb3 35. Rxd7+ Rxd7 36. Rxd7+ Kxd7 37. Nxa3 Nd2 38. fxe5 fxe5 39. c5 Nxe4 40.
Nc4 Ke6 41. Kf3 Nxc5 42. Ke3 b5 43. Nd2 Kd5 44. g4 Ne6 45. h4 c5 46. Ne4 h6 47.
Nf6+ Kd6 48. Ng8 h5 49. gxh5 gxh5 50. Nf6 Nf4 51. Nxh5 Nxh5 0-1

[Event "*** Titled Tuesday Blitz"]
[Site "Chess.com"]
[Date "2021.04.06"]
[Round "4"]
[White "AniJak"]
[Black "Ajedrez_con_German"]
[Result "0-1"]
[WhiteElo "2286"]
[BlackElo "2478"]
[TimeControl "180+1"]
[EndTime "10:38:16 PDT"]
[Termination "Ajedrez_con_German won by resignation"]

1. e4 d5 2. exd5 Qxd5 3. Nc3 Qd6 4. Bc4 Nf6 5. Nf3 Bg4 6. O-O e6 7. d3 Be7 8. h3 Bh5 9. Bg5 O-O 10. Bxf6 Bxf6 11. Ne4 Qd8 12. c3 Be7 13. Ng3 Bg6 14. Ne5 Nd7 15. Nxg6 hxg6 16. Qe2 c5 17. Rad1 Nf6 18. d4 Qc7 19. Rfe1 Rfd8 20. Bxe6 fxe6 21. Qxe6+ Kf8 22. Ne4 Nxe4 23. Rxe4 Bf6 24. g4 Re8 25. Qd5 Qc6 26. Rxe8+ Rxe8 27. dxc5 Re1+ 28. Kh2 Be5+ 0-1

[Event "*** Titled Tuesday Blitz"]
[Site "Chess.com"]
[Date "2021.04.06"]
[Round "4"]
[White "Joseacorrea"]
[Black "Vyacheslav_N"]
[Result "0-1"]
[WhiteElo "2094"]
[BlackElo "2381"]
[TimeControl "180+1"]
[EndTime "10:38:16 PDT"]
[Termination "Vyacheslav_N won on time"]

1. c4 e5 2. Nc3 Nf6 3. g3 c6 4. d4 e4 5. d5 Bb4 6. Bd2 d6 7. Bg2 O-O 8. Nxe4 Bxd2+ 9. Qxd2 cxd5 10. Nxf6+ Qxf6 11. cxd5 Nd7 12. e4 Nc5 13. Ne2 Bd7 14. O-O Rfe8 15. Nc3 Rac8 16. Rfe1 b5 17. a3 Nb3 18.
Qd3 Nxa1 19. Rxa1 a6 20. f4 Qd8 21. Re1 Qb6+ 22. Kh1 a5 23. e5 b4 24. axb4 axb4 25. Nb1 dxe5 26. fxe5 Bb5 27. Qf5 Qg6 28. Qf4 Bd3 29.
Nd2 Qf5 30. Qxf5 Bxf5 0-1

[Event "*** Titled Tuesday Blitz"]
[Site "Chess.com"]
[Date "2021.04.06"]
[Round "4"]
[White "Smile2005"]
[Black "ethylalcohol"]
[Result "1/2-1/2"]
[WhiteElo "2382"]
[BlackElo "2138"]
[TimeControl "180+1"]
[EndTime "10:38:17 PDT"]
[Termination "Game drawn by repetition"]

1. Nf3 Nf6 2. g3 g6 3. Bg2 Bg7 4. O-O O-O 5. d3 d6 6. Nc3 e5 7.
e4 Nc6 8. d4 exd4 9. Nxd4 Nxd4 10. Qxd4 Re8 11. Qd3 Bd7 12. h3 Bc6 13. Nd5 Bxd5 14.
exd5 Nd7 15. c3 Qf6 16. Be3 a6 17. Bd4 Ne5 18. Qc2 Nf3+ 19. Kh1 Nxd4 20. cxd4 Rac8 21.
Rac1 Bh6 22. Rce1 Rxe1 23. Rxe1 Qxd4 24. h4 Bg7 25. Re7 Qxb2 26. Qe4 Qxf2 27. Kh2 Be5 28. Qg4 Rf8 29. h5 f5 30. Qg5 Bf6 31. Qh6 Bxe7 32.
hxg6 hxg6 33. Qxg6+ Kh8 34. Qh6+ Kg8 35. Qg6+ Kh8 36. Qh6+ Kg8 37. Qg6+ 1/2-1/2

[Event "*** Titled Tuesday Blitz"]
[Site "Chess.com"]
[Date "2021.04.06"]
[Round "4"]
[White "Eltaj_Safarli"]
[Black "Goryachkina"]
[Result "1-0"]
[WhiteElo "2902"]
[BlackElo "2632"]
[TimeControl "180+1"]
[EndTime "10:38:19 PDT"]
[Termination "Eltaj_Safarli won by resignation"]

1. e4 c6 2. d4 d5 3. exd5 cxd5 4. c4 Nf6 5. Nc3 Nc6 6. Bg5 Be6 7. Be2 g6 8. Bf3 Bf5 9. cxd5 Nb8 10. Qb3 Bg7 11.
Nge2 O-O 12. O-O Nbd7 13. Qxb7 Rb8 14. Qxa7 Rxb2 15. Rfd1 h6 16. Bf4 g5 17. Bc7 Qc8 18. d6 exd6 19. Bxd6 Re8 20. Rac1 Qd8 21. Ng3 Bg6 22.
h3 h5 23. Bc6 h4 24. Nf1 Re6 25. Bc7 Qc8 26. d5 Re8 27. d6 Nh5 28. Nd5 Kh7 29. Ne7 Rxe7 30. dxe7 Ndf6 31. Be5 Qf5 32. Bxb2 1-0

[Event "*** Titled Tuesday Blitz"]
[Site "Chess.com"]
[Date "2021.04.06"]
[Round "4"]
[White "NTBT_DHS"]
[Black "Oleksandr_Bortnyk"]
[Result "0-1"]
[WhiteElo "2733"]
[BlackElo "2945"]
[TimeControl "180+1"]
[EndTime "10:38:21 PDT"]
[Termination "Oleksandr_Bortnyk won by resignation"]

1. d4 d6 2. c4 e5 3. dxe5 dxe5 4. Qxd8+ Kxd8 5. Nc3 Be6 6. b3 c6 7. Bb2 Nd7 8.
O-O-O Kc7 9. g3 a5 10. Nf3 f6 11. h4 Bb4 12. Bh3 Bxh3 13. Rxh3 Ne7 14. h5 Nc5 15. Ne1 Bxc3 16. Bxc3 Ne4 17. g4 Nxf2 18. Rg3 Nxd1 19. Kxd1 b6 20. Kc2 Rad8 21. g5 Rhg8 22. e4 Kd6 23. Nf3 Ke6 24. Rg2 c5 25. Nh4 Nc6 26.
Nf5 g6 27. Nh6 Rgf8 28. hxg6 hxg6 29. gxf6 Rxf6 30. Ng4 Rf4 31. Ne3 Nd4+ 32. Bxd4 exd4 33. Nd5 Rf3 34. Rxg6+ Ke5 35. Rxb6 Rh8 36. Kb2 d3 37. Rc6 Rh2+ 38. Ka3 d2 39. Rxc5 Kd4 40. Rxa5 d1=Q 41. Nb4 Rxb3+ 0-1

[Event "*** Titled Tuesday Blitz"]
[Site "Chess.com"]
[Date "2021.04.06"]
[Round "4"]
[White "dennisodessa"]
[Black "friesnielsen2302"]
[Result "0-1"]
[WhiteElo "2314"]
[BlackElo "2533"]
[TimeControl "180+1"]
[EndTime "10:38:22 PDT"]
[Termination "friesnielsen2302 won by resignation"]

1. c4 e6 2. g3 f5 3. Bg2 Nf6 4. Nf3 g6 5. O-O Bg7 6. Nc3 O-O 7. d4 d6 8. Re1 Ne4 9. Qc2 Nxc3 10. bxc3 Nc6 11.
e4 e5 12. exf5 Bxf5 13. Qd2 Bg4 14. Qd3 Qf6 15. Bg5 Qf7 16. Re3 h6 17. Nh4 hxg5 18.
Bd5 gxh4 19. Bxf7+ Rxf7 20. d5 Ne7 21. Rf1 Raf8 22. f4 Nf5 23. Ree1 hxg3 24. hxg3 e4 25.
Rxe4 Nh6 26. Qe3 Bf5 27. Re7 Ng4 28. Qe2 Bxc3 29. Rxf7 Bd4+ 30. Kg2 Kxf7 31. Rf3 Re8 32. Qd1 Bc5 33. Qh1 Kg8 34. Qh4 Bd4 35. Qg5 Bf6 0-1

[Event "*** Titled Tuesday Blitz"]
[Site "Chess.com"]
[Date "2021.04.06"]
[Round "4"]
[White "BendyBear"]
[Black "Zmof"]
[Result "0-1"]
[WhiteElo "2402"]
[BlackElo "2223"]
[TimeControl "180+1"]
[EndTime "10:38:22 PDT"]
[Termination "Zmof won by resignation"]

1. e4 c5 2. b3 Nc6 3. Bb2 Nf6 4.
e5 Nd5 5. Bb5 Qc7 6. Qe2 a6 7.
Bxc6 Qxc6 8. Nf3 g6 9. c4 Nc7 10. Nc3 Bg7 11. d4 cxd4 12. Nxd4 Qxg2 13. O-O-O O-O 14.
h4 b5 15. h5 bxc4 16. hxg6 hxg6 17. Qxc4 Ne6 18. Nxe6 dxe6 19. Qh4 Re8 20. Qh7+ Kf8 21.
Rhg1 Qf3 22. Rg3 Qf4+ 23. Kb1 Bb7 24. Ne2 Qe4+ 25. Ka1 Qxe2 26. Rdg1 Red8 27. a4 Rd1+ 28. Rxd1 Qxd1+ 29. Ka2 Bd5 30. Qh4 Rb8 31. Ba3 Rxb3 32. Qxe7+ Kg8 33. Qd8+ Kh7 34. Qh4+ Qh5 35. Qxh5+ gxh5 36. Rxb3 Bxe5 37. Bc1 h4 38. f4 Bd4 39. f5 e5 0-1

[Event "*** Titled Tuesday Blitz"]
[Site "Chess.com"]
[Date "2021.04.06"]
[Round "4"]
[White "MITerryble"]
[Black "Shahaliyev"]
[Result "1-0"]
[WhiteElo "2904"]
[BlackElo "2650"]
[TimeControl "180+1"]
[EndTime "10:38:23 PDT"]
[Termination "MITerryble won by resignation"]

1. e4 d6 2. d4 Nf6 3. Nc3 e5 4. dxe5 dxe5 5. Qxd8+ Kxd8 6. Bg5 Be6 7. O-O-O+ Nd7 8. f3 c6 9. Nge2 Bc5 10. Kb1 Kc7 11.
Nc1 b5 12. Be2 h6 13. Bh4 Nh5 14. Nd3 Bd4 15. Be1 Ndf6 16. g4 Nxg4 17. fxg4 Nf6 18. h3 Rhd8 19. Bg3 Nd7 20. Bf3 f6 21. Ne2 Bb6 22.
Rd2 c5 23. Rhd1 a5 24. Ne1 c4 25. Ng2 g5 26. Nc3 b4 27. Nb5+ Kb7 28. Nd6+ Kc7 29. Nf5 c3 30. Rd6 Bxf5 31. exf5 Nc5 32. Rc6+ 1-0

[Event "*** Titled Tuesday Blitz"]
[Site "Chess.com"]
[Date "2021.04.06"]
[Round "4"]
[White "Keures"]
[Black "Maddie"]
[Result "1-0"]
[WhiteElo "2352"]
[BlackElo "2063"]
[TimeControl "180+1"]
[EndTime "10:38:25 PDT"]
[Termination "Keures won by checkmate"]

1. d4 d5 2. c4 c6 3. Nc3 Nf6 4. Nf3 dxc4 5. a4 Nd5 6. e4 Nxc3 7. bxc3 b5 8. Ne5 Qd6 9. Qf3 Qf6 10. Bf4 g6 11. Ng4 Bxg4 12. Qxg4 Nd7 13. axb5 cxb5 14. e5 Qc6 15. Be2 h5 16. Bf3 Qb6 17. Qh3 Rd8 18. e6 Nf6 19. Rxa7 Qxa7 20. Bc6+ Nd7 21. O-O fxe6 22. Qxe6 Bg7 23. Qxg6+ Kf8 24. Bd5 e6 25.
Bd6+ Kg8 26. Bxe6# 1-0

[Event "*** Titled Tuesday Blitz"]
[Site "Chess.com"]
[Date "2021.04.06"]
[Round "4"]
[White "fighter2jz"]
[Black "louis198"]
[Result "0-1"]
[WhiteElo "2746"]
[BlackElo "2552"]
[TimeControl "180+1"]
[EndTime "10:38:26 PDT"]
[Termination "louis198 won by resignation"]

1. e4 e6 2. d4 d5 3. Nc3 dxe4 4.
Nxe4 Bd7 5. Nf3 Bc6 6. Bd3 Nd7 7. O-O Ngf6 8. Ng3 g6 9. c4 Bg7 10. Bg5 h6 11. Bd2 O-O 12. Bc3 Bxf3 13. Qxf3 c5 14. dxc5 Nxc5 15. Bc2 a5 16. h4 Qe7 17. Rfe1 h5 18.
Re3 Ng4 19. Re2 Qxh4 20. Bxg7 Kxg7 21. Nf1 e5 22. Rae1 Ne6 23. Qxb7 Nd4 24. Rd2 Rab8 25. Qe4 Rxb2 26. g3 Qf6 27. f4 Rxc2 28. Rxc2 Nxc2 29. Qxc2 exf4 30. gxf4 Qxf4 31. Qc3+ Kh7 32. Re2 Rd8 33. Re7 Qf2+ 0-1

[Event "*** Titled Tuesday Blitz"]
[Site "Chess.com"]
[Date "2021.04.06"]
[Round "4"]
[White "volkanyirik"]
[Black "Make_it_shine060"]
[Result "1-0"]
[WhiteElo "2416"]
[BlackElo "2202"]
[TimeControl "180+1"]
[EndTime "10:38:27 PDT"]
[Termination "volkanyirik won by checkmate"]

1. e4 c5 2. Nc3 Nc6 3. f4 g6 4. Bc4 Bg7 5. Nf3 d6 6. O-O Nf6 7. h3 O-O 8. d3 Nd4 9. Be3 Nd7 10. Qd2 Rb8 11. a4 a6 12. a5 Nc6 13. f5 Nxa5 14.
Ba2 b5 15. Ng5 c4 16. Qf2 Nc5 17. Qh4 h6 18. Nf3 Kh7 19. Bg5 Re8 20. Nd5 Nc6 21.
dxc4 b4 22. f6 exf6 23. Nxf6+ Bxf6 24. Bxf6 Qb6 25. Ng5+ Kg8 26. Qxh6 Nxe4+ 27. Kh2 Nxf6 28. Rxf6 Ne5 29. Qh7+ Kf8 30. Rxf7+ Nxf7 31. Qxf7# 1-0

[Event "*** Titled Tuesday Blitz"]
[Site "Chess.com"]
[Date "2021.04.06"]
[Round "4"]
[White "Sibelephant"]
[Black "TengisChess"]
[Result "1-0"]
[WhiteElo "3111"]
[BlackElo "2510"]
[TimeControl "180+1"]
[EndTime "10:38:28 PDT"]
[Termination "Sibelephant won on time"]

1. b3 b6 2. Bb2 Bb7 3. Nf3 Nf6 4. g3 c5 5. Bg2 e6 6. O-O Be7 7. c4 O-O 8. e3 d5 9. Nc3 dxc4 10. bxc4 Nc6 11. Qe2 Rc8 12. Ne1 Qc7 13. f4 Rfd8 14. Rd1 Qb8 15. g4 Ba6 16. g5 Ne8 17. Rf3 g6 18.
Rh3 Nb4 19. Ne4 Nd3 20. Nxd3 Bxc4 21. Qg4 Bxd3 22. Rxh7 e5 23. Qh4 1-0

[Event "*** Titled Tuesday Blitz"]
[Site "Chess.com"]
[Date "2021.04.06"]
[Round "4"]
[White "Caterpiller35"]
[Black "chesslh19"]
[Result "1-0"]
[WhiteElo "2451"]
[BlackElo "2251"]
[TimeControl "180+1"]
[EndTime "10:38:28 PDT"]
[Termination "Caterpiller35 won by resignation"]

1. d4 Nf6 2. Bg5 d5 3. e3 Nbd7 4. Nd2 e6 5. f4 Be7 6. Bd3 b6 7.
Ngf3 Bb7 8. Ne5 O-O 9. Qf3 Nxe5 10. fxe5 Ne4 11. Bxe7 Qxe7 12. O-O-O f5 13. exf6 Rxf6 14. Qh3 g6 15. Bxe4 dxe4 16. Rhf1 Raf8 17. Rxf6 Rxf6 18. Rf1 Qf7 19. Rxf6 Qxf6 20. Qg3 Qf7 21. h4 h6 22. c4 Kh7 23. Qe5 a6 24. Kc2 Qe7 25. Kc3 a5 26. a3 Qxh4 27. Qxc7+ Kg8 28. Qb8+ Kh7 29. Qxb7+ Kg8 30.
Qxe4 1-0

[Event "*** Titled Tuesday Blitz"]
[Site "Chess.com"]
[Date "2021.04.06"]
[Round "4"]
[White "MVM2008"]
[Black "DrMamaliga"]
[Result "1-0"]
[WhiteElo "2136"]
[BlackElo "2371"]
[TimeControl "180+1"]
[EndTime "10:38:29 PDT"]
[Termination "MVM2008 won on time"]

1. e4 e5 2. f4 Nc6 3. Nf3 f5 4.
exf5 e4 5. Ne5 Nf6 6. d4 d5 7. g4 h5 8. g5 Nxe5 9. fxe5 Ng4 10. f6 gxf6 11. h3 fxe5 12. hxg4 Bxg4 13. Be2 Bxe2 14.
Qxe2 exd4 15. Rxh5 Rg8 16. Rh7 Qd6 17. Qh5+ Kd8 18.
Qf7 Qg3+ 19. Kf1 Qf3+ 20. Qxf3 exf3 21. Nd2 Rxg5 22. Nxf3 Rf5 23. Kg2 c5 24. Bg5+ Kc8 25. Re1 1-0